 Dungeon Crawl Stone Soup version 0.29-a0-233-g1125b37a9b (webtiles) character file.

Game seed: 4543520216938529345

73973 tilp the Gelid (level 15, -1/73 HPs)
             Began as a Felid Ice Elementalist on Feb 27, 2022.
             Was the Champion of Vehumet.
             Killed from afar by a will-o-the-wisp (34 damage)
             ... with a foxfire
             ... on level 3 of the Swamp on Mar 2, 2022.
             The game lasted 02:14:55 (62254 turns).

tilp the Gelid (Felid Ice Elementalist)            Turns: 62254, Time: 02:14:56

Health: -1/73      AC:  3    Str:  4    XL:     15   Next: 5%
Magic:  12/29      EV: 26    Int: 31    God:    Vehumet [******]
Gold:   2787       SH:  0    Dex: 16    Spells: 1/32 levels left
                                        Lives:  0   Deaths: 5

rFire   . . .      SeeInvis +     - Unarmed
rCold   + . .      Faith    .   (shield unavailable)
rNeg    . . .      Spirit   .   (body armour unavailable)
rPois   +          Reflect  .   (helmet unavailable)
rElec   .          Harm     .   (cloak unavailable)
rCorr   .          Rampage  .   (gloves unavailable)
Will    ++...                   (boots unavailable)
Stlth   +++.......              K - amulet of magic regeneration
HPRegen 0.22/turn               u - +6 ring of intelligence
MPRegen 0.61/turn               f - ring of poison resistance

@: unable to drink, very slow
A: very small, claws 1, fangs 3, see invisible, speed 1, shaggy fur 3, stealthy
paws, no weapons or thrown items, no armour, multi-lived
a: Renounce Religion


You were on level 3 of the Swamp.
You worshipped Vehumet.
Vehumet was exalted by your worship.
You visited 6 branches of the dungeon, and saw 30 of its levels.
You also visited: Ice Cave.

You collected 3356 gold pieces.
You spent 569 gold pieces at shops.

Inventory:

Jewellery
 e - a ring of magical power
 f - a ring of poison resistance (right paw)
 j - a ring of resist corrosion
 u - a +6 ring of intelligence (left paw)
 H - a ring of magical power
 K - an amulet of magic regeneration (around neck)
 L - a +6 ring of strength
 N - a +4 ring of evasion
 P - a ring of willpower
 T - an amulet of reflection
 U - an amulet of guardian spirit
 W - a +4 ring of slaying
Wands
 m - a wand of polymorph (31)
 t - a wand of paralysis (20)
 w - a wand of iceblast (13)
 y - a wand of acid (25)
 D - a wand of flame (13)
 G - a wand of mindburst (4)
 Q - a wand of charming (3)
 V - a wand of digging (1)
Scrolls
 b - 8 scrolls of immolation
 c - 4 scrolls of fog
 n - 8 scrolls of teleportation
 o - 5 scrolls of blinking
 p - 4 scrolls of summoning
 v - 4 scrolls of vulnerability
 z - 2 scrolls of holy word
 A - a scroll of amnesia
 C - 3 scrolls of magic mapping
 M - 6 scrolls of fear
Potions
 a - 26 potions of curing
 d - 3 potions of might
 g - 4 potions of attraction
 h - 4 potions of heal wounds
 i - 7 potions of flight
 k - a potion of invisibility
 l - 3 potions of magic
 q - 6 potions of lignification
 r - 3 potions of haste
 s - 4 potions of resistance
 B - 4 potions of berserk rage
 E - 2 potions of ambrosia
 F - 2 potions of cancellation
 O - 3 potions of brilliance
 S - 2 potions of mutation
Miscellaneous
 x - a lightning rod (2/4)
 I - a condenser vane (inert)
 J - a phantom mirror
 R - a piece from Xom's chessboard (15/15)


   Skills:
 * Level 12.4 Fighting
 + Level 13.9 Dodging
 - Level 12.0 Stealth
 + Level 9.8 Unarmed Combat
 - Level 9.0 Spellcasting
 - Level 15.0 Conjurations
 - Level 4.0 Hexes
 - Level 15.0 Ice Magic
 * Level 2.0 Earth Magic
 - Level 10.0 Evocations


You had one spell level left.
You knew the following spells:

 Your Spells              Type           Power      Damage    Failure   Level
a - Iron Shot             Conj/Erth      30%        9d6       4%          6
b - Frozen Ramparts       Ice            100%       1d12      0%          3
c - Ozocubu's Armour      Ice            82%        N/A       1%          3
d - Hailstorm             Conj/Ice       82%        3d17      1%          4
e - Magic Dart            Conj           100%       1d8       0%          1
g - Orb of Destruction    Conj           41%        9d11      1%          7
h - Ozocubu's Refrigerat  Ice            41%        4d13      1%          7

Your spell library contained the following spells:

 Spells                   Type           Power      Damage    Failure   Level
 Freeze                   Ice            100%       1d11      0%          1
 Scorch                   Fire           26%        2d6       1%          2
 Conjure Flame            Conj/Fire      57%        6-21      1%          3
 Inner Flame              Hex/Fire       26%        N/A       1%          3
 Mephitic Cloud           Conj/Pois/Air  44%        N/A       1%          3
 Flame Wave               Conj/Fire      57%        2d11      1%          4
 Fulminant Prism          Conj/Hex       32%        3d16      1%          4
 Ice Form                 Ice/Tmut       57%        N/A       1%          4
 Sticky Flame             Conj/Fire      57%        2d7       1%          4
 Summon Ice Beast         Ice/Summ       57%        N/A       1%          4
 Fireball                 Conj/Fire      28%        3d12      1%          5
 Irradiate                Conj/Tmut      28%        3d23      1%          5
 Iskenderun's Battlesphe  Conj           82%        2d13      1%          5
 Ignite Poison            Fire/Tmut/Pois 13%        N/A       3%          3
 Call Imp                 Summ           13%        N/A       5%          2
 Sublimation of Blood     Necr           13%        N/A       5%          2
 Cause Fear               Hex            19%        N/A       7%          4
 Call Canine Familiar     Summ           13%        N/A       11%         3
 Gell's Gravitas          Tloc           13%        N/A       11%         3
 Teleport Other           Tloc           13%        N/A       11%         3
 Leda's Liquefaction      Hex/Erth       16%        N/A       11%         4
 Petrify                  Tmut/Erth      20%        N/A       24%         4
 Simulacrum               Ice/Necr       28%        N/A       26%         6
 Blade Hands              Tmut           6%         N/A       69%         5
 Dispersal                Tloc           6%         N/A       99%         6
 Summon Cactus Giant      Summ           6%         N/A       99%         6
 Discord                  Hex            19%        N/A       100%        8
 Portal Projectile        Hex/Tloc       Unusable   N/A       N/A         3
 Excruciating Wounds      Necr           Unusable   N/A       N/A         5

Dungeon Overview and Level Annotations

Branches:
Dungeon (15/15)            Temple (1/1) D:5            Lair (6/6) D:8
  Swamp (3/4) Lair:4       Spider (3/4) Lair:2        Slime (0/5) Lair:6
    Orc (2/2) D:9             Elf (0/3) Orc:2        Vaults (0/5) D:14
 Depths (0/4) D:15          IceCv (visited)

Altars:
Ashenzari
Cheibriados
Dithmenos
Elyvilon
Fedhas
Gozag
Hepliaklqana
Kikubaaqudgha
Makhleb
Nemelex Xobeh
Okawaru
Qazlal
Ru
Sif Muna
Trog
Uskayaw
Vehumet
Wu Jian
Xom
Yredelemnul
Zin
The Shining One
Beogh
Jiyva

Shops:
D:4 *   D:7 ((:*[   D:14 *   Orc:2 ([=!

Annotations:
D:8 sif dig vault
D:14 1 runed translucent door, Moink's ghost, journeyman DrCj
Swamp:1 3 runed translucent doors, Namnaref's ghost, adept GrBe; jt's ghost, journeyman VSFi; melvinkitnick's ghost, journeyman FeSu
Swamp:2 2 transporters, Iveip's ghost, journeyman DDNe


Innate Abilities, Weirdness & Mutations

You have sharp claws.
You have razor-sharp teeth.
You have supernaturally acute eyesight. (SInv)
You cover ground quickly. (Speed+)
Your thick and shaggy fur keeps you warm. (AC +3, rC+)
Your paws help you pounce on unaware monsters.
You are incapable of wielding weapons or throwing items.
You cannot wear armour.
You gain extra lives every three experience levels.


Message History

Aiming: Orb of Destruction (dangerous; 1% risk of failure)
Press: ? - help, Shift-Dir - straight line, f - will-o-the-wisp
Aim: a will-o-the-wisp (severely damaged)
The will-o-the-wisp gestures.
The will-o-the-wisp conjures some foxfire! 2 foxfires come into view.
Unknown command.
Unknown command.
The will-o-the-wisp gestures.
The will-o-the-wisp conjures some foxfire!
The orb of destruction hits the foxfire!!!!
The foxfire is heavily damaged.
The foxfire moves out of view. x2 2 foxfires come into view.
Unknown command.
The will-o-the-wisp gestures.
The will-o-the-wisp conjures some foxfire!
The foxfire hits you!
A foxfire comes into view.
Unknown command.
Casting: Orb of Destruction (dangerous; 1% risk of failure)
Confirm with . or Enter, or press ? or * to list all spells.
Aiming: Orb of Destruction (dangerous; 1% risk of failure)
Press: ? - help, Shift-Dir - straight line, f/p - will-o-the-wisp
Aim: a will-o-the-wisp (wisps of flame, heavily damaged)
The foxfire hits you!!
The orb of destruction hits the foxfire!!!
The foxfire is moderately damaged.
Unknown command.
Casting: Orb of Destruction (dangerous; 1% risk of failure)
Confirm with . or Enter, or press ? or * to list all spells.
You can't see any susceptible monsters within range! (Use Z to cast anyway.) Unknown command.
Unknown command.
Casting: Orb of Destruction (dangerous; 1% risk of failure)
Confirm with . or Enter, or press ? or * to list all spells.
You can't see any susceptible monsters within range! (Use Z to cast anyway.) Unknown command.
The foxfire hits you!!
You die...

♣≈.≈..§≈≈≈≈≈≈.≈§.....
♣.≈≈≈..≈≈†≈≈≈≈≈≈≈≈..≈
♣.§≈≈.≈...≈≈..≈§≈...≈
♣.≈≈≈.≈≈≈♣.≈≈≈≈≈≈≈.≈≈
♣.≈≈≈<.♣♣♣♣♣[≈≈≈≈≈.§≈
♣♣≈...≈♣♣≈.♣♣≈≈≈.♣≈≈≈
♣♣♣♣♣♣♣....♣.≈≈.♣
♣>≈≈≈..≈≈≈♣
♣≈≈≈§○v@≈.♣
♣≈°§○§.≈≈..♣
≈......♣♣♣♣..≈.≈♣
v≈≈v.§§ ..≈≈≈≈≈
v≈≈≈..♣ ≈≈≈≈≈≈.
≈..≈♣≈ ≈≈§≈≈≈≈ ♣≈≈♣♣♣
≈....≈≈ ♣♣♣ ≈≈.♣♣..


You could see a will-o-the-wisp.

Vanquished Creatures
  Mlioglotl (Swamp:1)
  Donald (Swamp:1)
  2 emperor scorpions (Spider:3)
  A ghost moth (Spider:2)
  Louise (Swamp:1)
  An orc warlord (Orc:1)
  2 broodmothers
  Nessos (Orc:2)
  2 eleionomae (Swamp:1)
  2 entropy weavers (Spider:2)
  A spark wasp (Spider:1)
  3 bunyips
  The ghost of Anon1729 the Carver, a journeyman DrMo of Uskayaw (Lair:3)
  8 vault guards (D:14)
  Fannar (D:10)
  5 hydras
  3 radroaches
  Erolcha (D:11)
  3 boulder beetles
  2 ogre magi
  2 catoblepae
  3 centaur warriors (D:14)
  A death knight (D:15)
  13 two-headed ogres
  A jorogumo (Spider:3)
  3 death yaks
  4 alligators
  2 tengu warriors
  6 orc high priests
  A vampire mage (D:15)
  A deep elf knight (D:15)
  2 skeletal warriors (D:15)
  Amaemon (D:12)
  A titan skeleton (D:15)
  A sun moth (Spider:3)
  4 goliath frogs
  3 pharaoh ants
  2 swamp dragons (Swamp:1)
  3 spriggan druids
  5 steelbarb worms
  5 orb spiders
  6 orc knights
  5 bog bodies
  A lindwurm (Lair:6)
  4 deep elf pyromancers
  15 wolf spiders
  A necromancer (D:15)
  3 will-o-the-wisps
  2 iron dragon zombies (D:15)
  An oklob plant (Lair:6)
  6 orc sorcerers
  Joseph (D:9)
  17 ugly things
  18 elephants
  3 cyclopes
  3 manticores
  4 moths of wrath
  A guardian serpent (Lair:6)
  The ghost of Zgarb the Archer, a novice TeHu of Dithmenos (D:6)
  3 ice statues (IceCv)
  13 black mambas
  5 torpor snails
  4 gargoyles
  A spriggan zombie (D:15)
  18 cane toads
  An unseen horror (D:11)
  An orange demon (D:12)
  An efreet (D:15)
  6 demonic crawlers
  10 komodo dragons
  2 kobold demonologists
  8 rime drakes
  An anaconda simulacrum (IceCv)
  A freezing wraith (IceCv)
  2 bloated husks
  12 meliai
  A queen bee (Spider:1)
  A polar bear (shapeshifter) (D:15)
  11 polar bears
  4 tyrant leeches
  5 trolls
  3 slime creatures (D:13)
  10 hornets
  18 tarantellas
  3 raiju (Lair:6)
  25 blink frogs
  10 dream sheep
  30 jumping spiders
  A shadow (D:10)
  14 culicivoras
  19 spriggans
  A vampire (D:13)
  A dire elephant simulacrum (IceCv)
  34 yaks
  2 wraiths
  14 wyverns
  A basilisk (shapeshifter) (D:13)
  4 basilisks
  2 death yak simulacra (IceCv)
  54 redbacks
  3 steam dragons
  19 vampire mosquitoes
  Menkaure (D:4)
  9 wargs
  6 swamp worms
  7 acid dragons
  12 hell hounds (Lair:6)
  23 water moccasins
  31 orc warriors
  3 swamp drakes
  8 ogres
  13 black bears
  2 necrophages
  3 boggarts (Lair:3)
  10 centaurs
  21 wolves
  A phantom (D:6)
  9 kobold brigands (D:6)
  A gnoll sergeant (D:10)
  Blork the orc (D:4)
  11 bullfrogs
  2 cane toad simulacra (IceCv)
  2 scorpions (D:6)
  21 killer bees
  2 electric eels
  3 wights
  4 howler monkeys
  2 crimson imps
  7 hounds
  18 orc priests
  2 jellies
  4 gnoll shamans
  Jessica (D:2)
  7 iguanas
  Ijyb (D:3)
  Natasha (thrice) (D:4)
  15 orc wizards
  4 hell rats (Lair:6)
  2 polar bear simulacra (IceCv)
  A centaur simulacrum (D:10)
  Robin (D:2)
  22 gnolls
  9 adders
  A shadow imp (D:7)
  A white imp (D:7)
  5 ufetubi
  2 worms
  2 dart slugs
  64 orcs
  8 ball pythons
  7 bats
  8 endoplasms
  4 giant cockroaches
  10 goblins
  12 hobgoblins
  5 jackals
  11 kobolds
  7 quokkas
  7 frilled lizards
  14 rats
  A spectral hobgoblin (D:1)
1051 creatures vanquished.

Vanquished Creatures (collateral kills)
  A wolf spider (Spider:1)
1 creature vanquished.

Vanquished Creatures (others)
  An orc (D:9)
  18 foxfires
  92 fulminant prisms
  57 fungi
  99 plants
  2 starspawn tentacles (Swamp:1)
  4 toadstools (D:4)
  10 withered plants (D:15)
283 creatures vanquished.

Grand Total: 1335 creatures vanquished

Notes
Turn   | Place    | Note
-------+----------+-------------------------------------------
     0 | D:1      | tilp the Felid Ice Elementalist began the quest for the
                  | Orb.
     0 | D:1      | Reached XP level 1. HP: 7/7 MP: 4/4
   371 | D:1      | Learned a level 1 spell: Magic Dart
   609 | D:1      | Reached XP level 2. HP: 11/11 MP: 0/6
   841 | D:1      | Found a faded altar of an unknown god.
  1774 | D:2      | Reached XP level 3. HP: 14/14 MP: 7/7
  1778 | D:2      | Learned a level 3 spell: Frozen Ramparts
  2897 | D:2      | Reached skill level 1 in Conjurations
  2897 | D:2      | Reached XP level 4. HP: 18/18 MP: 9/9
  2901 | D:2      | Learned a level 3 spell: Ozocubu's Armour
  4039 | D:2      | Noticed Jessica
  4041 | D:2      | Killed Jessica
  4042 | D:2      | Reached XP level 5. HP: 21/21 MP: 10/10
  4211 | D:2      | Noticed Robin
  4218 | D:2      | Reached skill level 5 in Ice Magic
  4218 | D:2      | Killed Robin
  4571 | D:2      | Identified the +3 hunting sling "Ziojyuwi" {flame, SInv
                  | Stlth+}
  5542 | D:3      | Noticed Ijyb
  5549 | D:3      | Killed Ijyb
  6190 | D:3      | Gained mutation: You are covered in thick fur. (AC +2)
                  | [Felid growth]
  6190 | D:3      | Reached XP level 6. HP: 24/24 MP: 11/11
  6775 | D:3      | Noticed an orc warrior
  7416 | D:4      | Identified the +0 leather armour of Taur {MP+9 Dex+4}
  7495 | D:4      | Noticed Blork the orc
  7662 | D:4      | Reached XP level 7. HP: 27/27 MP: 10/12
  7775 | D:4      | Found Vowoiz's Gadget Gallery.
  7780 | D:4      | Noticed Menkaure
  7793 | D:4      | Killed Menkaure
  7794 | D:4      | Reached skill level 1 in Fighting
  7794 | D:4      | Reached skill level 1 in Unarmed Combat
  7794 | D:4      | Reached skill level 1 in Evocations
  8028 | D:4      | Noticed Natasha
  8121 | D:4      | Killed Natasha
  8485 | D:4      | Killed Blork the orc
  8723 | D:4      | Noticed Natasha
  8730 | D:4      | Killed Natasha
  8829 | D:4      | Found Vowoiz's Gadget Gallery.
  8851 | D:4      | Noticed Natasha
  8862 | D:4      | Killed Natasha
  9019 | D:4      | Identified a scroll of acquirement
  9019 | D:4      | Acquired the Volume of Conjuration
  9026 | D:4      | Learned a level 4 spell: Hailstorm
  9050 | D:5      | Entered Level 5 of the Dungeon
  9174 | D:5      | Reached XP level 8. HP: 29/34 MP: 11/13
  9450 | D:5      | Found a staircase to the Ecumenical Temple.
  9576 | Temple   | Entered the Ecumenical Temple
  9807 | Temple   | Became a worshipper of Vehumet
 10696 | D:6      | Reached skill level 5 in Stealth
 10745 | D:6      | Reached * piety under Vehumet
 10745 | D:6      | Offered knowledge of Foxfire by Vehumet.
 11441 | D:6      | Found a runed translucent gate.
 11442 | D:6      | Found a runed translucent gate.
 11443 | D:6      | Found a runed translucent gate.
 11443 | D:6      | Noticed Zgarb's ghost (novice TeHu)
 11444 | D:6      | Noticed a kobold demonologist
 11667 | D:6      | Reached XP level 9. HP: 39/39 MP: 10/15
 12395 | D:7      | Found Ovetiode's General Store.
 12405 | D:7      | Bought a scroll of blinking for 90 gold pieces
 12405 | D:7      | Bought a scroll of fear for 42 gold pieces
 12409 | D:7      | Found Hukhloozoh's Book Emporium.
 12464 | D:7      | Found Laips's Weapon Shop.
 12532 | D:7      | Noticed a troll
 12542 | D:7      | Killed a troll
 12694 | D:7      | Found Ciluvij's Antique Weapon Shoppe.
 12874 | D:7      | Found Dungedera's Antique Armour Boutique.
 12898 | D:7      | Reached skill level 5 in Conjurations
 13261 | D:4      | Bought a wand of paralysis (9) for 143 gold pieces
 13948 | D:8      | Found a shimmering blue altar of Sif Muna.
 13954 | D:8      | Reached ** piety under Vehumet
 13954 | D:8      | Offered knowledge of Shock by Vehumet.
 14199 | D:8      | Noticed a komodo dragon
 14206 | D:8      | Killed a komodo dragon
 14207 | D:8      | Reached skill level 5 in Spellcasting
 14479 | D:8      | Noticed a komodo dragon
 14857 | D:9      | Noticed a troll
 14861 | D:9      | Killed a troll
 14990 | D:9      | Reached XP level 10. HP: 37/42 MP: 11/18
 15286 | D:9      | Noticed Joseph
 15915 | D:9      | Found a staircase to the Orcish Mines.
 16045 | D:9      | Noticed a cyan ugly thing
 16220 | D:9      | Killed a cyan ugly thing
 16739 | D:9      | Noticed a two-headed ogre
 16755 | D:9      | Killed a two-headed ogre
 16756 | D:9      | Reached skill level 5 in Fighting
 17046 | D:10     | Entered Level 10 of the Dungeon
 17091 | D:10     | Reached skill level 5 in Dodging
 17189 | D:10     | Noticed a two-headed ogre
 17408 | D:10     | Noticed a two-headed ogre
 17411 | D:10     | Noticed a two-headed ogre
 17416 | D:10     | Killed a two-headed ogre
 17417 | D:10     | Reached skill level 5 in Unarmed Combat
 17419 | D:10     | Noticed a cyan ugly thing
 17420 | D:10     | Killed a two-headed ogre
 17421 | D:10     | Reached XP level 11. HP: 26/49 MP: 6/19
 17428 | D:10     | Killed a cyan ugly thing
 17428 | D:10     | Offered knowledge of Conjure Flame by Vehumet.
 17902 | D:10     | Killed a two-headed ogre
 18284 | D:10     | Noticed an ogre mage
 18290 | D:10     | Killed an ogre mage
 18524 | D:10     | Noticed Fannar
 19011 | D:6      | Killed Zgarb's ghost
 19294 | D:7      | Reached *** piety under Vehumet
 20116 | D:8      | Found a staircase to the Lair.
 20297 | D:11     | Noticed a two-headed ogre
 20309 | D:11     | Killed a two-headed ogre
 20770 | D:11     | Noticed Erolcha
 20773 | D:11     | Killed Erolcha
 20773 | D:11     | Offered knowledge of Fulminant Prism by Vehumet.
 20777 | D:11     | Gained mutation: Your thick and shaggy fur keeps you warm.
                  | (AC +3, rC+) [Felid growth]
 20777 | D:11     | Reached XP level 12. HP: 46/55 MP: 2/22
 21637 | D:11     | Learned a level 4 spell: Fulminant Prism
 21637 | D:11     | Found a stormy altar of Qazlal.
 22231 | Lair:1   | Entered Level 1 of the Lair of Beasts
 22517 | Lair:1   | Reached skill level 1 in Hexes
 23663 | Lair:2   | Found a dark tunnel.
 24097 | Lair:2   | Reached **** piety under Vehumet
 24098 | Lair:2   | Reached skill level 10 in Conjurations
 24098 | Lair:2   | Reached skill level 10 in Ice Magic
 24332 | Lair:2   | Found a hole to the Spider Nest.
 24345 | Lair:2   | Noticed a seven-headed hydra
 24460 | Lair:2   | Noticed a catoblepas
 24947 | Lair:2   | Slain by a seven-headed hydra
 24948 | Lair:2   | Reached XP level 11. HP: -2/51 MP: 19/22
 25193 | Lair:2   | Killed a seven-headed hydra
 25389 | Lair:3   | Offered knowledge of Ignite Poison by Vehumet.
 25504 | Lair:3   | Found a shimmering blue altar of Sif Muna.
 25512 | Lair:3   | Reached XP level 12. HP: 44/55 MP: 18/23
 25789 | Lair:3   | Found a runed translucent gate.
 25789 | Lair:3   | Found a runed translucent gate.
 25789 | Lair:3   | Noticed a nine-headed hydra
 25790 | Lair:3   | Found a runed translucent gate.
 25791 | Lair:3   | Noticed Anon1729's ghost (journeyman DrMo)
 25791 | Lair:3   | Noticed a ten-headed hydra
 29001 | Lair:4   | Found a frozen archway.
 29010 | IceCv    | Entered an ice cave
 29851 | IceCv    | Reached XP level 13. HP: 3/58 MP: 11/24
 30692 | Lair:4   | Reached ***** piety under Vehumet
 30692 | Lair:4   | Offered knowledge of Yara's Violent Unravelling by Vehumet.
 30960 | Lair:4   | Found a staircase to the Swamp.
 31753 | Lair:4   | Reached skill level 5 in Evocations
 33465 | Lair:6   | Entered Level 6 of the Lair of Beasts
 34032 | Lair:6   | Reached skill level 10 in Stealth
 34553 | Lair:6   | Found a viscous altar of Jiyva.
 34554 | Lair:6   | Found a staircase to the Slime Pits.
 34715 | Lair:6   | Mangled by a black mamba
 34716 | Lair:6   | Reached XP level 12. HP: -8/57 MP: 20/23
 34757 | Lair:6   | Reached skill level 10 in Dodging
 34964 | Lair:6   | Noticed a death yak
 35006 | Lair:5   | Killed a death yak
 35007 | Lair:5   | Reached XP level 13. HP: 44/60 MP: 24/24
 36504 | Lair:6   | Offered knowledge of Lightning Bolt by Vehumet.
 37170 | Lair:6   | Reached skill level 10 in Fighting
 38555 | D:9      | Killed Joseph
 39388 | D:12     | Noticed Amaemon
 39396 | D:12     | Killed Amaemon
 39397 | D:12     | Reached XP level 14. HP: 61/66 MP: 19/25
 40644 | Orc:1    | Entered Level 1 of the Orcish Mines
 40835 | Orc:2    | Entered Level 2 of the Orcish Mines
 41409 | Orc:1    | Noticed an orc warlord
 41785 | Orc:2    | Found a staircase to the Elven Halls.
 42019 | Orc:2    | Learned a level 7 spell: Orb of Destruction
 42294 | Orc:2    | Reached ****** piety under Vehumet
 42535 | Orc:2    | Noticed Nessos
 42591 | Orc:2    | Killed Nessos
 42887 | Orc:2    | Mangled by an orc knight
 42888 | Orc:2    | Reached XP level 13. HP: -13/61 MP: 16/25
 42888 | Orc:2    | Upgraded the game from 0.29-a0-222-g5b244fca1f to
                  | 0.29-a0-233-g1125b37a9b
 43462 | Orc:2    | Found Vigef's Antique Armour Boutique.
 43462 | Orc:2    | Found Cuimoanu's Antique Weapon Boutique.
 43463 | Orc:2    | Found Nownos's Distillery.
 43463 | Orc:2    | Found Hoaton's Jewellery Shoppe.
 44265 | Orc:1    | Killed an orc warlord
 44890 | Orc:2    | Bought a potion of heal wounds for 70 gold pieces
 44890 | Orc:2    | Bought a potion of curing for 42 gold pieces
 44890 | Orc:2    | Bought a potion of heal wounds for 70 gold pieces
 44890 | Orc:2    | Bought a potion of mutation for 112 gold pieces
 45333 | D:10     | Killed Fannar
 46712 | D:14     | Offered knowledge of Ozocubu's Refrigeration by Vehumet.
 46803 | D:14     | Found a gate to the Vaults.
 46925 | D:14     | Found Waawagg's Changing Room.
 46937 | D:14     | Reached XP level 14. HP: 46/66 MP: 16/27
 47473 | D:14     | Learned a level 7 spell: Ozocubu's Refrigeration
 47780 | D:14     | HP: 1/66 [vault guard/+0 great sword (18)]
 48100 | D:14     | Found a runed translucent door.
 48101 | D:14     | Noticed Moink's ghost (journeyman DrCj)
 48532 | D:15     | Entered Level 15 of the Dungeon
 49689 | D:15     | Found a staircase to the Depths.
 51057 | Lair:3   | Killed Anon1729's ghost
 51206 | Spider:1 | Entered Level 1 of the Spider Nest
 51209 | Spider:1 | Reached XP level 15. HP: 69/69 MP: 29/29
 51983 | Spider:1 | Offered knowledge of Spellforged Servitor by Vehumet.
 53690 | Spider:1 | Reached skill level 15 in Ice Magic
 53786 | Spider:1 | Reached skill level 15 in Conjurations
 55492 | Spider:2 | Offered knowledge of Eringya's Noxious Bog by Vehumet.
 56091 | Spider:3 | Noticed an emperor scorpion
 56103 | Spider:3 | Killed an emperor scorpion
 56104 | Spider:3 | Reached XP level 16. HP: 74/74 MP: 9/30
 57132 | Spider:3 | HP: 3/75 [wolf spider[a torpor snail] (6)]
 57132 | Spider:3 | Mangled by a wolf spider
 57133 | Spider:3 | Reached XP level 15. HP: -7/71 MP: 23/29
 57693 | Swamp:1  | Entered Level 1 of the Swamp
 57693 | Swamp:1  | Noticed Donald
 57697 | Swamp:1  | Killed Donald
 57915 | Swamp:1  | Killed from afar by a will-o-the-wisp
 57916 | Swamp:1  | Reached XP level 14. HP: -13/67 MP: 16/28
 58143 | Swamp:1  | Noticed Louise
 58166 | Swamp:1  | HP: 1/67 [will-o-the-wisp/foxfire (25)]
 58276 | Lair:4   | Offered knowledge of Iron Shot by Vehumet.
 58798 | Swamp:1  | Found a runed translucent gate.
 58798 | Swamp:1  | Found a runed translucent gate.
 58798 | Swamp:1  | Found a runed translucent gate.
 58802 | Swamp:1  | Noticed jt's ghost (journeyman VSFi)
 58807 | Swamp:1  | Noticed melvinkitnick's ghost (journeyman FeSu)
 58811 | Swamp:1  | Noticed Namnaref's ghost (adept GrBe)
 58815 | Swamp:1  | Killed Louise
 58817 | Swamp:1  | Noticed Mlioglotl
 58838 | Swamp:1  | Noticed a tentacled starspawn
 60664 | Swamp:1  | Killed Mlioglotl
 60665 | Swamp:1  | Reached skill level 10 in Evocations
 61007 | Swamp:1  | Learned a level 6 spell: Iron Shot
 61107 | Swamp:1  | Reached skill level 1 in Earth Magic
 61240 | Swamp:2  | Found a transporter.
 61245 | Swamp:2  | Found a transporter.
 61251 | Swamp:2  | Found a bloodstained altar of Trog.
 61254 | Swamp:2  | Noticed a spriggan defender
 61279 | Swamp:2  | Noticed Iveip's ghost (journeyman DDNe)
 61704 | Swamp:2  | Reached XP level 15. HP: 73/73 MP: 2/29
 62254 | Swamp:3  | Killed from afar by a will-o-the-wisp

Illustrated notes

Levels and vault maps discovered:
D:1:      psy_arrival_dodecagon, layout_rooms,
          dreamdust_ecumenical_altar_drowned_temple, serial_bayou_crossing
D:2:      minmay_thinvault, layout_loops_corners, grunt_ministairs_5,
          minmay_box_of_dots, uniq_robin, uniq_jessica
D:3:      layout_rooms, serial_curves, eino_curves_03, eino_curves_01,
          kennysheep_doodads, minmay_misc_feat_cross, st_stairs_4, hex_large,
          minmay_between, uniq_ijyb
D:4:      layout_cave_pools, minmay_gold_behind_fungi, nicolae_shop_gadgets,
          uniq_menkaure, uniq_natasha, uniq_blork_the_orc
D:5:      layout_loops_ring, minmay_temple_entry_large_hall
D:6:      layout_basic, gammafunk_ghost_nasty_kobolds, grunt_tough_drop
D:7:      minmay_octagon_keep, layout_basic, serial_shops, shop, shop,
          nicolae_shop_statue_plus, shop_coins, shop_fountains
D:8:      layout_rooms, nicolae_sif_muna_little_library, erik_lair_dragon
D:9:      layout_basic, erik_orc_1, uniq_joseph
D:10:     layout_cave_pools, minmay_pinched_square, uniq_fannar
D:11:     layout_cave_pools, nicolae_qazlal_scattered_showers, uniq_erolcha
D:12:     layout_loops_ring, dk_noncrumbling_3, uniq_amaemon
D:13:     layout_irregular_city
D:14:     layout_loops_ring, erik_vaults_2, ebering_ghost_inner_flame,
          nicolae_transmutations_shop
D:15:     gammafunk_depths_entry_grave, layout_rooms, nicolae_water_bricks
Temple:   mainiacjoe_temple_archimedes_tessellation
Lair:1:   layout_chaotic_city, serial_bayou, serial_bayou_shore_a,
          serial_bayou_shore_b, serial_bayou_pond_d, serial_bayou_shore_b,
          chequers_serial_rivers_small_3, lemuel_fruit_tree
Lair:2:   layout_regular_city, spider_nest_entry_webs,
          nicolae_volcano_entry_s_turn
Lair:3:   kb_forest_paths, layout_chaotic_city, gammafunk_ghost_hydra_chop,
          lemuel_centaur_altar
Lair:4:   layout_roguey, swamp_mist, portal_ice_cave_rime, patterned_corridor
Lair:5:   layout_cave_pods, guppyfry_lair_drakes
Lair:6:   hangedman_lair_tendril_chambers, layout_regular_city,
          hangedman_lair_caniforms_friends, dpeg_slime_entry_enclosed_altar,
          nicolae_quartered_pool_super, minmay_lair_oklob_bushes
Swamp:1:  layout_basic_swamp, gammafunk_ghost_cemetery, serial_swamp_ruin,
          evilmike_swamp_ruin_house_5, evilmike_swamp_ruin_house_1,
          evilmike_swamp_ruin_house_2, infiniplex_staircase_pool_2,
          uniq_mlioglotl, uniq_louise, uniq_donald
Swamp:2:  layout_basic_swamp, gammafunk_ghost_wrathful_warriors,
          hangedman_swamp_ruin_wall, swamp_pool1, hangedman_swamp_pad
Swamp:3:  layout_basic_swamp, evilmike_swamp_ruin_wall, swamp_pool5
Spider:1: layout_spider_delve, ebering_ghost_rock_garden,
          nicolae_looking_at_the_future
Spider:2: layout_spider_delve
Spider:3: layout_spider_delve
Orc:1:    layout_caves, basic_altar, hellmonk_bongcloud_opening,
          bh_open_orc_temple
Orc:2:    st_orc_elflike, layout_caves, uniq_nessos

Skill      XL: |  1  2  3  4  5  6  7  8  9 10 11 12 13 14 15 16 |
---------------+-------------------------------------------------+-----
Ice Magic      | 4 5 6 8 12 14 15 | 15.0
Conjurations   | 1 2 4 6 8 12 13 14 15 | 15.0
Spellcasting   | 3 5 6 7 8 9 |  9.0
Fighting       | 2 4 6 8 10 12 11 | 12.4
Dodging        | 3 4 6 8 10 12 13 | 13.9
Stealth        | 3 6 7 8 12 | 12.0
Unarmed Combat | 2 4 5 6 8 9 |  9.8
Evocations     | 2 4 8 10 9 | 10.0
Hexes          | 4 |  4.0
Earth Magic    | 1 2 |  2.0

Action                   |  1- 3 |  4- 6 |  7- 9 | 10-12 | 13-15 | 16-18 || total
-------------------------+-------+-------+-------+-------+-------+-------++-------
Melee: Unarmed           |     1 |     8 |    53 |   154 |   318 |     7 ||   541
       Bite              |       |       |     5 |    23 |    54 |     4 ||    86
       Punch             |       |       |     3 |     5 |    20 |       ||    28
 Cast: Freeze            |    29 |    39 |    82 |   121 |    85 |       ||   356
       Magic Dart        |    56 |    96 |    58 |    55 |    25 |       ||   290
       Frozen Ramparts   |    10 |    37 |    45 |    75 |   109 |     3 ||   279
       Ozocubu's Armour  |       |    18 |    36 |    68 |   110 |     3 ||   235
       Hailstorm         |       |       |    13 |   150 |   302 |     2 ||   467
       Fulminant Prism   |       |       |       |    28 |    64 |       ||    92
       Orb of Destructio |       |       |       |       |   213 |    13 ||   226
       Ozocubu's Refrige |       |       |       |       |   133 |    21 ||   154
       Iron Shot         |       |       |       |       |    12 |       ||    12
Evoke: Wand              |       |       |    11 |    22 |    18 |       ||    51
       Lightning rod     |       |       |       |     2 |    10 |       ||    12
       Condenser vane    |       |       |       |       |     3 |       ||     3
       Phantom mirror    |       |       |       |       |     1 |       ||     1
  Use: Scroll            |     6 |     7 |     9 |     9 |    12 |       ||    43
       Potion            |       |       |       |     3 |     4 |       ||     7
 Stab: Sleeping          |       |     6 |     6 |    16 |    10 |       ||    38
       Paralysed         |       |       |     7 |     4 |     4 |       ||    15
Armor: Skin              |     2 |     4 |    18 |    57 |   109 |     7 ||   197
Dodge: Dodged            |    16 |    21 |   106 |   312 |   706 |    52 ||  1213

Table legend: (Time is in decaauts)
 A = Elapsed time spent in this place.
 B = Non-inter-level travel time spent in this place.
 C = Inter-level travel time spent in this place.
 D = Time resting spent in this place.
 E = Time spent auto-exploring this place.
 F = Levels seen in this place.
 G = Mean time per level.
                   A        B        C        D        E       F      G
               +--------+--------+--------+--------+--------+-----+--------+
         Total |  57469 |  54015 |   3454 |  24341 |  22305 |  31 | 1853.8 |
       Dungeon |  27631 |  25719 |   1912 |  10283 |  12544 |  15 | 1842.1 |
        Temple |    202 |    181 |     21 |      0 |    161 |   1 |  202.0 |
          Lair |  16580 |  15613 |    967 |   8007 |   5281 |   6 | 2763.3 |
         Swamp |   3107 |   3062 |     45 |   1133 |   1443 |   3 | 1035.7 |
   Spider Nest |   4426 |   4200 |    226 |   1589 |   1922 |   3 | 1475.3 |
  Orcish Mines |   3953 |   3674 |    279 |   2041 |    915 |   2 | 1976.5 |
      Ice Cave |   1567 |   1567 |      0 |   1286 |     36 |   1 | 1567.0 |
               +--------+--------+--------+--------+--------+-----+--------+

Top non-repeatable levels by time:
  Lair:6: 3838 daAuts
  Lair:3: 3544 daAuts
     D:2: 3342 daAuts
   Orc:2: 3225 daAuts
     D:9: 3066 daAuts
    D:10: 2852 daAuts
  Lair:2: 2834 daAuts
  Lair:4: 2418 daAuts
    D:14: 2408 daAuts
     D:6: 2158 daAuts
 Swamp:1: 2105 daAuts
     D:8: 2088 daAuts
  Lair:5: 2056 daAuts
Spider:2: 1945 daAuts
  Lair:1: 1888 daAuts
